 Dungeon Crawl Stone Soup version 0.26-a0-800-g517d6fe721 (webtiles) character file.

Game seed: 3099620318519091793

15074 BeowulfAlex the Martial Artist (level 12, -3/106 HPs)
             Began as an Octopode Transmuter on Nov 12, 2020.
             Was an Initiate of Gozag.
             Slain by a black mamba (12 damage)
             ... on level 2 of the Lair of Beasts.
             The game lasted 00:31:20 (16847 turns).

BeowulfAlex the Martial Artist (OpTm)              Turns: 16847, Time: 00:31:20

Health: -3/106     AC:  6    Str: 10    XL:     12   Next: 23%
Magic:  0/15       EV: 17    Int: 26    God:    Gozag
Gold:   742        SH:  0    Dex: 13    Spells: 5/15 levels left

rFire    . . .     SeeInvis .     - Unarmed
rCold    + + +     Faith    .   (shield currently unavailable)
rNeg     . . .     Spirit   +   (helmet currently unavailable)
rPois    +         Reflect  .   k - amulet of guardian spirit
rElec    .         Harm     .   m - ring of protection from cold
rCorr    .         Rampage  .   o - ring of poison resistance
MR       .....                  t - +4 ring of evasion
Stlth    ++++......             x - ring of stealth
HPRegen  0.27/turn              A - ring of stealth
MPRegen  0.14/turn              D - ring of protection from fire
                                N - ring of Heathro {+Fly rC+ Int+7 Stlth+}
                                (no ring)

@: lethally poisoned (-3 -> -7), ice-form
A: large, almost no armour, stealthy swim, amphibious, 8 rings, (constrict 8)
a: End Transformation, Potion Petition, Call Merchant, Bribe Branch, Renounce
Religion, Evoke Flight


You were on level 2 of the Lair of Beasts.
You worshipped Gozag.
Gozag was pleased with you.
You were a creature of crystalline ice.
You visited 3 branches of the dungeon, and saw 12 of its levels.

You collected 2214 gold pieces.
You spent 732 gold pieces at shops.
You paid 740 gold pieces to Gozag.

Inventory:

Missiles
 a - 45 poisoned darts
 b - 422 stones
 u - 9 curare-tipped darts (quivered)
 B - 8 javelins
 G - 7 boomerangs
Armour
 H - a +0 hat
Jewellery
 k - an amulet of guardian spirit (around neck)
 m - a ring of protection from cold (left front paw)
 o - a ring of poison resistance (right front paw)
 t - a +4 ring of evasion (on tentacle)
 x - a ring of stealth (on tentacle)
 A - a ring of stealth (on tentacle)
 D - a ring of protection from fire (on tentacle)
 N - the ring of Heathro (on tentacle) {+Fly rC+ Int+7 Stlth+}
   (You found it on level 2 of the Lair of Beasts)

   [ring of protection from cold]

   It affects your intelligence (+7).
   It protects you from cold.
   It lets you fly.
   It makes you more stealthy.
Wands
 J - a wand of disintegration (15)
 M - a wand of acid (3)
Scrolls
 c - 3 scrolls of magic mapping
 d - 2 scrolls of noise {unknown}
 e - 6 scrolls of fog
 f - a scroll of fear {unknown}
 g - 2 scrolls of enchant weapon
 h - 3 scrolls of enchant armour
 l - 8 scrolls of remove curse
 n - 4 scrolls of blinking
 s - 4 scrolls of teleportation
 y - 2 scrolls of immolation {unknown}
 E - 2 scrolls of brand weapon {unknown}
 F - 2 scrolls of amnesia {unknown}
 I - a scroll of summoning {unknown}
Potions
 i - a potion of flight {unknown}
 j - 6 potions of curing
 p - 3 potions of lignification {unknown}
 q - 2 potions of heal wounds
 r - a potion of haste
 v - a potion of attraction {unknown}
 w - 2 potions of brilliance
 z - a potion of resistance {unknown}
 C - a potion of cancellation {unknown}
 L - a potion of experience {unknown}
Miscellaneous
 K - a phantom mirror (inert)


   Skills:
 * Level 10.7 Fighting
 - Level 6.0 Dodging
 * Level 10.9 Unarmed Combat
 - Level 2.0 Spellcasting
 - Level 10.0 Transmutations
 - Level 4.0 Ice Magic
 - Level 2.0 Air Magic
 - Level 1.0 Poison Magic
 + Level 3.1 Evocations


You had 5 spell levels left.
You knew the following spells:

 Your Spells              Type           Power        Failure   Level
a - Beastly Appendage     Tmut           ######       1%          1
b - Spider Form           Tmut/Pois      ####......   3%          3
c - Ice Form              Ice/Tmut       #####...     6%          4
d - Swiftness             Air            ##......     7%          2

Your spell library contained the following spells:

 Spells                   Type           Power        Failure   Level
 Wereblood                Tmut           ######..     1%          2
 Blade Hands              Tmut           ######....   4%          5
 Shock                    Conj/Air       #...         7%          1
 Static Discharge         Conj/Air       #.......     21%         3
 Airstrike                Air            ##........   41%         4
 Lightning Bolt           Conj/Air       #.........   88%         5


Dungeon Overview and Level Annotations

Branches:
Dungeon (9/15)             Temple (1/1) D:7            Lair (2/6) D:9
  Swamp: Lair:2-4    Shoals: Lair:2-4     Snake: Lair:2-4    Spider: Lair:2-4
    Orc: D:9-12

Altars:
Ashenzari
Cheibriados
Dithmenos
Elyvilon
Fedhas
Gozag
Hepliaklqana
Kikubaaqudgha
Makhleb
Nemelex Xobeh
Okawaru
Qazlal
Ru
Sif Muna
Trog
Uskayaw
Vehumet
Wu Jian
Xom
Yredelemnul
Zin
The Shining One

Shops:
D:5 =


Innate Abilities, Weirdness & Mutations

You cannot wear most types of armour.
You are very stealthy in the water. (Stealth+)
You are amphibious.
You can wear up to eight rings at the same time.
((You can use your tentacles to constrict eight enemies at once.))
((Your skin changes colour to match your surroundings (Stealth+).))
((Your rubbery body absorbs attacks. (AC +1, EV +1)))


Message History

You feel sick. The black mamba bites you!!
* * * LOW HITPOINT WARNING * * *
You barely miss the black mamba.
The black mamba is moderately wounded.
You feel sick.
The black mamba is no longer moving slowly.
The black mamba closely misses you.
You closely miss the black mamba.
The black mamba is moderately wounded.
You feel sick. The black mamba misses you. The black mamba bites you!
* * * LOW HITPOINT WARNING * * *
You punch the black mamba! You freeze the black mamba.
The black mamba is severely wounded.
You feel sick. The black mamba bites you.
* * * LOW HITPOINT WARNING * * *
You closely miss the black mamba.
The black mamba is severely wounded.
You feel sick. The black mamba bites you!
You die...
Your body crumbles into a pile of gold.

#........(.........#
##...
##.....(..........P#
####.#.
...##.............##
#....## ##.#
.(..........#.#
#..###. ###
..............#
##.###..
...........#
##.#.....
..........##
##..##....
#..........#
#...#.....
#....SY..##
###.......
#.##......#
#........ #.##.P.##
##....... ##
#.##.### ##.......
#####..###........
###..............
##..#.............
#.................
#P................


You could see a black mamba.

Vanquished Creatures
  Gastronok (Lair:1)
  2 hydras (Lair:2)
  Erica (Lair:2)
  2 cane toads
  Maggie (D:8)
  5 rime drakes
  2 komodo dragons (Lair:2)
  A polar bear (Lair:1)
  5 blink frogs (Lair:1)
  A hornet (D:9)
  Sigmund (D:3)
  2 wyverns (D:8)
  14 yaks
  A steam dragon (Lair:1)
  A basilisk (Lair:1)
  A water moccasin (Lair:2)
  2 ice beasts (D:5)
  2 sky beasts
  3 orc warriors
  A phantom (D:4)
  2 black bears
  9 ogres
  2 centaurs
  4 bullfrogs
  2 wyvern skeletons
  A water moccasin zombie (D:8)
  6 killer bees
  13 wights
  4 howler monkeys
  A bullfrog zombie (D:6)
  A centaur zombie (D:6)
  A quasit (D:9)
  4 hounds
  9 orc priests
  A bullfrog skeleton (D:4)
  A jelly (D:5)
  A gnoll shaman (D:8)
  Crazy Yiuf (D:3)
  An iguana (D:9)
  11 orc wizards
  8 worker ants
  2 killer bee zombies
  3 hound skeletons
  A worker ant zombie (D:5)
  Robin (D:3)
  11 gnolls
  11 adders
  A shadow imp (D:3)
  4 ufetubi
  2 oozes
  3 adder skeletons
  An adder zombie (D:9)
  2 worms
  4 dart slugs
  5 leopard geckos
  42 orcs
  6 giant cockroaches
  22 goblins
  6 hobgoblins
  12 jackals
  9 quokkas
  2 ball pythons
  8 bats
  5 frilled lizards
  A giant cockroach zombie (D:5)
  A jackal skeleton (D:5)
  12 kobolds
  7 rats
316 creatures vanquished.

Vanquished Creatures (others)
  An orc (D:8)
  3 fungi (Lair:2)
  7 plants
11 creatures vanquished.

Grand Total: 327 creatures vanquished

Notes
Turn   | Place    | Note
-------+----------+-------------------------------------------
     0 | D:1      | BeowulfAlex the Octopode Transmuter began the quest for the
                  | Orb.
     0 | D:1      | Reached XP level 1. HP: 13/13 MP: 3/3
   101 | D:1      | Reached XP level 2. HP: 18/18 MP: 1/5
   418 | D:1      | Reached XP level 3. HP: 16/24 MP: 6/6
   426 | D:1      | Learned a level 3 spell: Spider Form
  1030 | D:2      | Reached skill level 1 in Poison Magic
  1137 | D:2      | HP: 1/24 [gnoll/+0 halberd (12)]
  1474 | D:1      | Reached XP level 4. HP: 13/29 MP: 3/7
  1893 | D:2      | Found a faded altar of an unknown god.
  2468 | D:2      | Reached XP level 5. HP: 14/35 MP: 4/8
  3257 | D:3      | Found a glowing golden altar of the Shining One.
  3275 | D:3      | Noticed Sigmund
  3625 | D:3      | Noticed Robin
  3695 | D:3      | Killed Robin
  3695 | D:3      | Reached XP level 6. HP: 35/42 MP: 6/9
  4264 | D:3      | Found a runed translucent door.
  4292 | D:3      | Noticed Crazy Yiuf
  4305 | D:3      | Killed Crazy Yiuf
  4305 | D:3      | Reached skill level 5 in Transmutations
  4315 | D:3      | Learned a level 4 spell: Ice Form
  4642 | D:3      | Killed Sigmund
  4642 | D:3      | Reached skill level 1 in Ice Magic
  4720 | D:4      | Reached XP level 7. HP: 45/46 MP: 6/10
  4853 | D:4      | Found an ornate altar of the Wu Jian Council.
  5262 | D:4      | Found an opulent altar of Gozag.
  5268 | D:4      | Became a worshipper of Gozag Ym Sagoz the Greedy
  5983 | D:5      | Entered Level 5 of the Dungeon
  6100 | D:5      | Found Qugro's Jewellery Shop.
  6169 | D:5      | Reached XP level 8. HP: 51/54 MP: 5/11
  6981 | D:5      | Reached skill level 5 in Unarmed Combat
  7737 | D:5      | Reached skill level 5 in Fighting
  7742 | D:5      | Reached XP level 9. HP: 61/61 MP: 7/12
  8020 | D:5      | Bought a +4 ring of evasion for 432 gold pieces
  8296 | D:6      | Found a glowing silver altar of Zin.
  8369 | D:6      | Found a shimmering altar of Xom.
  8369 | D:6      | Found a hide-covered altar of Uskayaw.
  8369 | D:6      | Found a shadowy altar of Dithmenos.
  8369 | D:6      | Found a radiant altar of Vehumet.
  8372 | D:6      | Found a sacrificial altar of Ru.
  8373 | D:6      | Found a snail-covered altar of Cheibriados.
  8816 | D:6      | Learned a level 2 spell: Swiftness
  8889 | D:6      | Found a hazy altar of Hepliaklqana.
  9612 | D:7      | Found a staircase to the Ecumenical Temple.
  9645 | Temple   | Entered the Ecumenical Temple
  9758 | D:7      | Reached skill level 1 in Air Magic
 10734 | D:8      | Reached XP level 10. HP: 71/71 MP: 3/13
 11125 | D:8      | Noticed Maggie
 11278 | D:5      | Bought an uncursed ring of protection from fire for 300
                  | gold pieces
 11782 | D:8      | Killed Maggie
 13372 | D:9      | Paralysed by a hornet for 3 turns
 13622 | D:9      | Found a staircase to the Lair.
 13667 | Lair:1   | Entered Level 1 of the Lair of Beasts
 13667 | Lair:1   | Noticed Gastronok
 13667 | Lair:1   | Noticed a cane toad
 13678 | D:9      | Killed a cane toad
 13857 | Lair:1   | Reached skill level 5 in Dodging
 13857 | Lair:1   | Reached XP level 11. HP: 78/78 MP: 5/14
 13881 | Lair:1   | Killed Gastronok
 14478 | Lair:1   | Found an ancient bone altar of Kikubaaqudgha.
 15646 | Lair:2   | Noticed a seven-headed hydra
 15653 | Lair:1   | Reached skill level 10 in Unarmed Combat
 15731 | Lair:2   | Reached skill level 10 in Fighting
 15999 | Lair:2   | Noticed Erica
 16005 | Lair:2   | Reached skill level 1 in Evocations
 16008 | Lair:2   | Reached skill level 10 in Transmutations
 16025 | Lair:2   | Killed Erica
 16113 | Lair:2   | Noticed a seven-headed hydra
 16393 | Lair:2   | Killed a seven-headed hydra
 16393 | Lair:2   | Reached XP level 12. HP: 83/88 MP: 7/15
 16509 | Lair:2   | Killed a seven-headed hydra
 16831 | Lair:2   | Got a twitching bronze ring
 16837 | Lair:2   | Identified the ring of Heathro {+Fly rC+ Int+7 Stlth+} (You
                  | found it on level 2 of the Lair of Beasts)
 16847 | Lair:2   | Slain by a black mamba

Illustrated notes

Levels and vault maps discovered:
D:1:      lightli_arrival_maybe_door_vault, layout_basic
D:2:      layout_basic, chequers_ecumenical_altar_simple_redux,
          dk_noncrumbling_4, grunt_ministairs_1
D:3:      layout_basic, lemuel_coloured_pillars_altar, uniq_crazy_yiuf_cottage,
          uniq_sigmund, uniq_robin
D:4:      layout_rooms, lemuel_crystal_altar, st_stairs_3,
          nicolae_gozag_cash_rules_everything_around_me
D:5:      minmay_razor_zed, layout_basic, serial_shops, nicolae_shop_stone
D:6:      layout_gridville, lemuel_doored_altar, zin_academy, minitemple,
          st_stairs_3
D:7:      layout_gridville, minmay_temple_entry_statues_fountains
D:8:      layout_cave_pools, uniq_maggie
D:9:      layout_gridville, lair_entry_dummy, kennysheep_generic_room_15
Temple:   nicolae_temple_hex_pool
Lair:1:   layout_long_grid, basic_altar, serial_forest,
          infiniplex_forest_clump_curved, infiniplex_forest_split,
          infiniplex_forest_straight_5, infiniplex_forest_join,
          infiniplex_forest_clump_tiny, grunt_megastairs_4, uniq_gastronok
Lair:2:   layout_cave_shapes, minmay_swamp_entry_wisps, uniq_erica

Skill      XL: |  1  2  3  4  5  6  7  8  9 10 11 12 |
---------------+-------------------------------------+-----
Transmutations | 3 4 5 6 7 8 9 10 | 10.0
Poison Magic   | 1 |  1.0
Fighting       | 2 3 4 5 7 8 10 | 10.7
Ice Magic      | 1 3 4 |  4.0
Unarmed Combat | 4 5 7 8 10 | 10.9
Air Magic      | 1 2 |  2.0
Dodging        | 3 5 6 |  6.0
Evocations     | 2 3 |  3.1
Spellcasting   | |  2.0

Action                   |  1- 3 |  4- 6 |  7- 9 | 10-12 || total
-------------------------+-------+-------+-------+-------++-------
Melee: Unarmed           |    59 |   176 |   369 |   397 ||  1001
       Constrict         |    13 |    33 |    14 |     6 ||    66
       Kick              |    12 |    30 |    17 |       ||    59
       Tentacles         |     4 |    15 |    15 |     3 ||    37
       Punch             |       |     2 |     1 |     1 ||     4
Throw: Stone             |       |       |    10 |       ||    10
       Dart              |       |       |     5 |     5 ||    10
 Cast: Beastly Appendage |    15 |    28 |    17 |     1 ||    61
       Spider Form       |     3 |     8 |     4 |     1 ||    16
       Ice Form          |       |       |    34 |    30 ||    64
       Swiftness         |       |       |       |     2 ||     2
Invok: Potion Petition   |       |       |       |     1 ||     1
 Abil: End Transformatio |       |       |     1 |       ||     1
Evoke: Phantom mirror    |       |       |       |     1 ||     1
  Use: Potion            |       |     2 |       |     2 ||     4
       Scroll            |       |       |    12 |     3 ||    15
 Stab: Sleeping          |     4 |     6 |    11 |     2 ||    23
       Distracted        |       |       |     2 |     2 ||     4
Armor: Skin              |     3 |     8 |    49 |    55 ||   115
Dodge: Dodged            |    43 |    96 |   206 |   286 ||   631

Table legend: (Time is in decaauts)
 A = Elapsed time spent in this place.
 B = Non-inter-level travel time spent in this place.
 C = Inter-level travel time spent in this place.
 D = Time resting spent in this place.
 E = Time spent auto-exploring this place.
 F = Levels seen in this place.
 G = Mean time per level.
                   A        B        C        D        E       F      G
               +--------+--------+--------+--------+--------+-----+--------+
         Total |  16702 |  15998 |    704 |    567 |  12880 |  12 | 1391.8 |
       Dungeon |  13551 |  12941 |    610 |    300 |  10489 |   9 | 1505.7 |
        Temple |     99 |     99 |      0 |      0 |     93 |   1 |   99.0 |
          Lair |   3051 |   2957 |     94 |    267 |   2298 |   2 | 1525.5 |
               +--------+--------+--------+--------+--------+-----+--------+

Top non-repeatable levels by time:
     D:5: 2105 daAuts
  Lair:1: 1958 daAuts
     D:2: 1805 daAuts
     D:9: 1701 daAuts
     D:1: 1482 daAuts
     D:3: 1408 daAuts
     D:6: 1319 daAuts
     D:4: 1271 daAuts
     D:8: 1234 daAuts
     D:7: 1223 daAuts
  Lair:2: 1092 daAuts
  Temple: 99 daAuts
